 Dungeon Crawl Stone Soup version 0.31-a0-37-g98a128e1d9 (webtiles) character file.

Game seed: 12112144610790095493

486395 Monarks the Tortoise (level 23, 0/216 HPs)
             Began as an Armataur Monk on May 13, 2023.
             Was the Champion of Zin.
             Slain by a tentacled monstrosity (1 damage)
             ... on level 1 of the Realm of Zot on May 14, 2023.
             The game lasted 08:15:12 (82913 turns).

Monarks the Tortoise (Armataur Monk)               Turns: 82913, Time: 08:15:13

Health: 0/216      AC: 45    Str: 32    XL:     23   Next: 51%
Magic:  0/12       EV: 11    Int: 16    God:    Zin [******]
Gold:   270        SH: 19    Dex: 29    Spells: 35/42 levels left

rFire   + + .        b - +9 morningstar (antimagic) {mace}
rCold   + . .        z - +2 kite shield {rN+}
rNeg    + + .        X - +8 plate armour of Hairiness {Regen+ rCorr}
rPois   ∞            G - +2 hat
rElec   +            u - +2 cloak {rPois}
rCorr   +            Z - +2 pair of gloves
SInv    .            c - +1 barding "Goudghur" {Dex+3}
Will    +++..        R - macabre finger necklace {Finger+ rN+} Stlth
                     V - ring "Niuve" {rF+ rC+}
HPRegen 1.36/turn    v - ring of Edghooh {rElec Str+5 Dex+6}
MPRegen 0.13/turn    N - ring of the Grinning Pariah {rF+ Will++ AC+4}

%: roll
@: vitalised, constricted, studying 5 skills
A: large, rugged brown scales 3, deformed body, armoured tail, roll, long
tongue, awkward tongue
}: 3/15 runes: serpentine, barnacled, slimy
a: Renounce Religion, Recite, Vitalisation, Imprison, Sanctuary, Donate Gold


You were on level 1 of the Realm of Zot.
You worshipped Zin.
Zin was exalted by your worship.
You visited 11 branches of the dungeon, and saw 49 of its levels.
You visited the Abyss 1 time.
You also visited: Ossuary.

You collected 5799 gold pieces.
You spent 4582 gold pieces at shops.
You donated 947 gold pieces to Zin.


Innate Abilities, Weirdness & Mutations

You are completely covered in rugged brown scales. (AC +3, +7% HP)
Armour fits poorly on your strangely shaped body.
You have a long armoured tail.
You roll when moving toward enemies. (Rampage)
Your long tongue fully drains potion bottles. (2x potion effects)
Your tongue gives you trouble enunciating. (1.5x scroll delay)


   Skills:
 + Level 16.3 Fighting
 - Level 12.0 Short Blades
 + Level 16.0 Maces & Flails
 + Level 17.7 Armour
 + Level 12.4 Dodging
 + Level 8.6 Stealth
 + Level 17.1 Shields
 * Level 10.2 Spellcasting
 + Level 13.6 Translocations
 - Level 14.1 Invocations


You had 35 spell levels left.
You knew the following spells:

 Your Spells              Type           Power      Damage    Failure   Level
a - Manifold Assault      Tloc           51%        N/A       1%          4
b - Teleport Other        Tloc           51%        N/A       1%          3

Your spell library contained the following spells:

 Spells                   Type           Power      Damage    Failure   Level
 Apportation              Tloc           100%       N/A       1%          1
 Blink                    Tloc           100%       N/A       1%          2
 Lesser Beckoning         Tloc           100%       N/A       1%          2
 Gell's Gravitas          Tloc           51%        N/A       1%          3
 Passage of Golubria      Tloc           51%        N/A       1%          4
 Portal Projectile        Hex/Tloc       60%        N/A       9%          3
 Vhi's Electric Charge    Tloc/Air       60%        N/A       9%          3
 Dispersal                Tloc           25%        N/A       26%         6
 Iskenderun's Mystic Bla  Conj/Tloc      30%        2d8       28%         4
 Beastly Appendage        Tmut           16%        N/A       43%         1
 Foxfire                  Conj/Fire      32%        2x1d5     43%         1
 Freeze                   Ice            32%        1d5       43%         1
 Magic Dart               Conj           32%        1d4       43%         1
 Necrotise                Necr           32%        1d5       43%         1
 Sandblast                Erth           16%        2d6       43%         1
 Shock                    Conj/Air       32%        1d5       43%         1
 Sting                    Tmut/Pois      32%        1d4       43%         1
 Summon Small Mammal      Summ           32%        N/A       43%         1
 Call Imp                 Summ           16%        N/A       58%         2
 Passwall                 Tmut/Erth      6%         N/A       58%         2
 Poisonous Vapours        Pois/Air       16%        N/A       58%         2
 Scorch                   Fire           16%        2d6       58%         2
 Searing Ray              Conj           16%        2d5       58%         2
 Sublimation of Blood     Necr           8%         N/A       58%         2
 Wereblood                Tmut           8%         N/A       58%         2
 Summon Forest            Summ/Tloc      15%        N/A       63%         5
 Call Canine Familiar     Summ           8%         N/A       82%         3
 Frozen Ramparts          Ice            16%        1d3       82%         3
 Hailstorm                Conj/Ice       8%         3d4       82%         3
 Ignite Poison            Fire/Tmut/Pois 8%         N/A       82%         3
 Mephitic Cloud           Conj/Pois/Air  8%         N/A       82%         3
 Spider Form              Tmut/Pois      8%         N/A       82%         3
 Stone Arrow              Conj/Erth      16%        3d8       82%         3
 Summon Guardian Golem    Hex/Summ       8%         N/A       82%         3
 Swiftness                Air            8%         N/A       82%         3
 Tukima's Dance           Hex            8%         N/A       82%         3
 Vampiric Draining        Necr           8%         2d6       82%         3
 Animate Dead             Necr           8%         N/A       99%         4
 Flame Wave               Conj/Fire      8%         2d5       99%         4
 Fulminant Prism          Conj/Hex       4%         3d5       99%         4
 Olgreb's Toxic Radiance  Pois           8%         N/A       99%         4
 Petrify                  Tmut/Erth      8%         N/A       99%         4
 Sticky Flame             Conj/Fire      8%         2d3       99%         4
 Summon Ice Beast         Ice/Summ       8%         N/A       99%         4
 Summon Lightning Spire   Summ/Air       8%         N/A       99%         4
 Agony                    Necr           8%         N/A       100%        5
 Alistair's Intoxication  Tmut/Pois      5%         N/A       100%        5
 Arcjolt                  Conj/Air       4%         1d14      100%        5
 Blade Hands              Tmut           4%         N/A       100%        5
 Borgnjor's Vile Clutch   Necr/Erth      4%         N/A       100%        5
 Irradiate                Conj/Tmut      4%         3d13      100%        5
 Metabolic Englaciation   Hex/Ice        4%         N/A       100%        5
 Silence                  Hex/Air        4%         N/A       100%        5
 Yara's Violent Unravell  Hex/Tmut       4%         3d4       100%        5
 Death Channel            Necr           4%         N/A       100%        6
 Eringya's Noxious Bog    Tmut/Pois      4%         N/A       100%        6
 Iron Shot                Conj/Erth      4%         9d2       100%        6
 Starburst                Conj/Fire      4%         6d3       100%        6
 Statue Form              Tmut/Erth      5%         N/A       100%        6
 Malign Gateway           Summ/Tloc      15%        N/A       100%        7
 Ozocubu's Refrigeration  Ice            4%         4d8       100%        7
 Storm Form               Tmut/Air       4%         N/A       100%        7
 Summon Hydra             Summ           4%         N/A       100%        7
 Discord                  Hex            4%         N/A       100%        8
 Disjunction              Tloc           25%        N/A       100%        8
 Ignition                 Fire           4%         3d4       100%        8
 Lehudib's Crystal Spear  Conj/Erth      4%         10d3      100%        8
 Maxwell's Capacitive Co  Air            4%         ∞         100%        8
 Summon Horrible Things   Summ           4%         N/A       100%        8

Inventory:

Hand Weapons
 b - a +9 antimagic morningstar (weapon) {mace}
   (You took it off a war gargoyle on level 2 of the Vaults)
 O - a +3 morningstar of freezing {mace}
   (You took it off an ironbound convoker on level 2 of the Vaults)
Missiles
 L - 15 stones (quivered) {throwing}
Armour
 c - the +1 barding "Goudghur" (worn) {Dex+3}
   (You acquired it on level 10 of the Dungeon)

   Dex:       It affects your dexterity (+3).
 u - a +2 cloak of poison resistance (worn)
   (You found it on level 5 of the Pits of Slime)
 z - a +2 kite shield of positive energy (worn)
   (You took it off a naga warrior on level 3 of the Snake Pit)
 G - a +2 hat (worn)
   (You found it on level 3 of the Shoals)
 J - +3 gold dragon scales {rare}
   (You found it on level 9 of the Dungeon)
 X - the +8 plate armour of Hairiness (worn) {Regen+ rCorr}
   (You took it off a deep elf high priest on level 3 of the Elven Halls)

   Regen:     It increases your rate of health regeneration.
   rCorr:     It protects you from acid and corrosion.
 Z - a +2 pair of gloves (worn)
   (You found it on level 3 of the Vaults)
Jewellery
 a - the amulet "Numaawk" {rN+ Regen+ Str+2 Dex+3}
   (You bought it in a shop on level 1 of the Depths)

   [amulet of regeneration]

   Str:       It affects your strength (+2).
   Dex:       It affects your dexterity (+3).
   rN:        It protects you from negative energy.
   Regen:     It increases your rate of health regeneration.
 i - a ring of protection from fire
   (You bought it in a shop on level 2 of the Orcish Mines)
 m - an amulet of regeneration {@e2}
   (You took it off a deep elf high priest on level 3 of the Elven Halls)
 p - a ring of protection from cold
   (You found it on level 5 of the Pits of Slime)
 r - the ring "Douvues" {Fly rN+ Will+ SInv}
   (You took it off a deep elf death mage on level 3 of the Elven Halls)

   [ring of see invisible]

   rN:        It protects you from negative energy.
   SInv:      It lets you see invisible.
   Fly:       It grants you flight.
   Will:      It increases your willpower.
 v - the ring of Edghooh (right hand) {rElec Str+5 Dex+6}
   (You bought it in a shop on level 2 of the Orcish Mines)

   [ring of dexterity]

   Str:       It affects your strength (+5).
   Dex:       It affects your dexterity (+6).
   rElec:     It insulates you from electricity.
 D - a ring of protection from cold
   (You found it on level 2 of the Dungeon)
 F - the ring of Qanoot {Drain Str+5 Int-3 Dex+6 Stlth+}
   (You took it off a deep elf blademaster on level 3 of the Elven Halls)

   [ring of dexterity]

   Str:       It affects your strength (+5).
   Int:       It affects your intelligence (-3).
   Dex:       It affects your dexterity (+6).
   Drain:     It drains your maximum health when unequipped.
   Stlth:     It makes you more stealthy.
 N - the ring of the Grinning Pariah (on amulet) {rF+ Will++ AC+4}
   (You found it on level 5 of the Pits of Slime)

   [ring of protection]

   AC:        It affects your AC (+4).
   rF:        It protects you from fire.
   Will:      It greatly increases your willpower.
 R - the macabre finger necklace (around neck) {Finger+ rN+}
   (You found it on level 5 of the Pits of Slime)

   [amulet of nothing]

   Finger+:   It enables you to equip an extra ring.
   rN:        It protects you from negative energy.
 V - the ring "Niuve" (left hand) {rF+ rC+}
   (You took it off a deep elf high priest on level 3 of the Elven Halls)

   [ring of protection from cold]

   rF:        It protects you from fire.
   rC:        It protects you from cold.
Wands
 H - a wand of light (5)
   (You found it on level 5 of the Pits of Slime)
 W - a wand of digging (2)
   (You found it on level 5 of the Pits of Slime)
Scrolls
 j - 19 scrolls of teleportation {@r4}
 l - 5 scrolls of fear
 t - 3 scrolls of blinking {!r}
 x - a scroll of summoning
 P - 6 scrolls of magic mapping {!r}
 U - a scroll of enchant weapon
Potions
 e - 2 potions of heal wounds {@q2}
 k - 6 potions of cancellation
 n - 5 potions of haste {@q3}
 q - 6 potions of resistance
 s - 6 potions of flight
 w - 18 potions of curing {@q1}
 B - 4 potions of might
 E - 2 potions of brilliance
 Q - 3 potions of magic
 S - a potion of invisibility

Dungeon Overview and Level Annotations

Branches:
Dungeon (15/15) Zot: 23821  Temple (0/1) D:6            Lair (5/5) D:10 Zot: 22350
 Shoals (4/4) Lair:2 Zot: 16547   Snake (4/4) Lair:2 Zot: 16418   Slime (5/5) Lair:5 Zot: 25572
    Orc (2/2) D:11 Zot: 10017     Elf (3/3) Orc:2 Zot: 10632  Vaults (4/5) D:13 Zot: 14366
  Crypt (2/3) Vaults:3 Zot: 8360  Depths (4/4) D:15 Zot: 13078     Zot (1/5) Depths:4 Zot: 5975
Ossuary (visited)

Altars:
Ashenzari
Dithmenos
Elyvilon
Hepliaklqana
Kikubaaqudgha
Makhleb
Sif Muna
Trog
Uskayaw
Vehumet
Wu Jian
Yredelemnul
Zin
The Shining One
Jiyva

Shops:
D:1 =!   D:3 !   D:5 *   D:6 ?   D:10 *   D:11 [   D:14 (   Orc:1 (
Orc:2 ==(*   Elf:1 :==   Shoals:1 ?   Shoals:3 (   Vaults:2 !   Depths:1 =
Depths:3 ?

Portals:
Hell: Depths:1 Depths:3 Depths:4
Abyss: Vaults:2 Depths:3
Pandemonium: Depths:1 Depths:4
Ziggurat: Depths:3

Annotations:
D:5 1 runed translucent door, Crazy Yiuf
Lair:1 3 runed translucent doors, BlueFish's ghost, journeyman DrAr; BlueFish's ghost, journeyman DrCj
Lair:2 exclusion: 3 oklob plants
Shoals:1 2 transporters, Wosunt's ghost, adept GrWn
Snake:2 1 runed translucent door, Huan's ghost, journeyman NaFE
Snake:4 Roxanne
Elf:1 3 runed translucent doors, Pooter's ghost, journeyman MiBe
Vaults:1 2 transporters, BlueFish's ghost, adept DrCj
Vaults:2 2 transporters, Konionua's ghost, adept KoEn
Crypt:1 9 runed translucent doors
Depths:1 1 runed translucent door

..#############
.....ydqd......
..D.{qq@zk.....
?...ykd{X......
...).kqd.......
...........[...
..##.[.########
. #... ...#
#...


You could see a tentacled monstrosity (berserk), a green draconian monk
(berserk), a golden dragon, a black draconian (berserk), 3 draconians, a death
cob, a white draconian stormcaller, 2 draconians, a wind drake (summoned,
berserk, repels missiles), 2 lindwurms and 2 moths of wrath.


Message History

You need more space to imprison the tentacled monstrosity.
Unknown command.
You don't have enough magic at the moment.
Magic courses through your body.
You slurp down every last drop of the potion of magic!
The death cob hits you.
* * * LOW HITPOINT WARNING * * *
The tentacled monstrosity tentacle-slaps you but does no damage.
The tentacled monstrosity tentacle-slaps you!
* * * LOW HITPOINT WARNING * * *
You block the tentacled monstrosity's attack.
The tentacled monstrosity constricts you.
The yellow draconian barely misses you.
The green draconian monk hits you but does no damage.
You block the green draconian monk's attack.
The green draconian monk tail-slaps you but does no damage. x2
The death cob hits you but does no damage.
The moth of wrath goads the lindwurm on!
The lindwurm goes berserk!
You block the black draconian's attack.
You feel you are being watched by something.
You feel your power leaking away.
* * * LOW MAGIC WARNING * * *
The yellow draconian hits you but does no damage.
The red draconian scorcher hits you but does no damage.
A golden dragon comes into view.
Something hits you but does no damage.
The yellow draconian hits you with a +0 short sword.
* * * LOW HITPOINT WARNING * * *
The tentacled monstrosity tentacle-slaps you but does no damage.
The tentacled monstrosity misses you.
The tentacled monstrosity tentacle-slaps you!
* * * LOW HITPOINT WARNING * * *
The tentacled monstrosity constricts you.
The green draconian monk hits you but does no damage.
The green draconian monk kicks you.
* * * LOW HITPOINT WARNING * * *
The green draconian monk completely misses you.
You block the green draconian monk's attack. 😨 HP[-30] MP[-3]
You take 30 damage, and now have 57/216 hp.
You lost 3 mp, and now have 2/12 mp.
You feel much better.
You slurp down every last drop of the potion of heal wounds {@q2}!
The death cob hits you but does no damage.
The death cob misses you.
The black draconian hits you from afar with a +0 glaive!
* * * LOW HITPOINT WARNING * * *
The yellow draconian hits you with a +0 halberd.
* * * LOW HITPOINT WARNING * * *
The lindwurm rages.
You block the yellow draconian's attack.
You block the green draconian monk's attack.
The green draconian monk kicks you but does no damage.
The green draconian monk tail-slaps you but does no damage. x2
You block the tentacled monstrosity's attack.
The tentacled monstrosity tentacle-slaps you!!
* * * LOW HITPOINT WARNING * * *
The tentacled monstrosity tentacle-slaps you but does no damage.
The tentacled monstrosity constricts you.
* * * LOW HITPOINT WARNING * * *
The red draconian scorcher hits you with a +0 long sword.
* * * LOW HITPOINT WARNING * * *
The death cob hits you but does no damage.
Something hits you!
* * * LOW HITPOINT WARNING * * *
The black draconian misses you.
The yellow draconian hits you but does no damage. 😱 HP[-8]
You take 8 damage, and now have 49/216 hp.
The tentacled monstrosity's grasp on you weakens, but your attempt to escape fails.
You block the death cob's attack.
The wind drake rages.
You block the green draconian monk's attack.
The green draconian monk barely misses you.
The green draconian monk tail-slaps you!
* * * LOW HITPOINT WARNING * * *
You block the green draconian monk's attack.
The yellow draconian hits you but does no damage.
The tentacled monstrosity tentacle-slaps you!
* * * LOW HITPOINT WARNING * * *
The tentacled monstrosity tentacle-slaps you but does no damage. x2
The tentacled monstrosity constricts you.
You block the death cob's attack.
The black draconian hits you but does no damage.
The yellow draconian hits you but does no damage.
The red draconian scorcher hits you but does no damage.
The yellow draconian barely misses you. Something hits you but does no damage.
You feel you are being watched by something.
You feel your power leaking away.
* * * LOW MAGIC WARNING * * *
The yellow draconian hits you with a +0 short sword!!
* * * LOW HITPOINT WARNING * * *
The green draconian monk hits you!
* * * LOW HITPOINT WARNING * * *
The green draconian monk kicks you but does no damage.
The green draconian monk closely misses you.
The green draconian monk tail-slaps you but does no damage.
The tentacled monstrosity tentacle-slaps you.
You die...

Skill      XL: |  1  2  3  4  5  6  7  8  9 10 11 12 13 14 15 16 17 18 19 20 21 22 23 |
---------------+----------------------------------------------------------------------+-----
Short Blades   | 1 2 3 4 5 6 8 9 10 11 12 | 12.0
Armour         | 3 5 7 8 10 11 12 13 14 15 16 17 | 17.7
Fighting       | 3 5 6 7 8 9 10 11 12 13 14 15 16 | 16.3
Invocations    | 2 4 6 7 8 9 10 11 12 13 14 | 14.1
Maces & Flails | 5 6 8 10 12 13 14 15 16 | 16.0
Stealth        | 3 4 6 7 8 |  8.6
Shields        | 3 6 7 9 10 11 12 13 14 15 16 17 | 17.1
Translocations | 3 5 7 8 9 11 13 | 13.6
Spellcasting   | 2 4 5 6 7 8 9 10 | 10.2
Dodging        | 3 4 10 12 | 12.4

Action                     |  1- 3 |  4- 6 |  7- 9 | 10-12 | 13-15 | 16-18 | 19-21 | 22-24 || total
---------------------------+-------+-------+-------+-------+-------+-------+-------+-------++-------
  Melee: Rapier            |    71 |   100 |   395 |   254 |       |       |       |       ||   820
         Mace              |     5 |       |       |       |       |       |       |       ||     5
         Tailslap          |     4 |    18 |    62 |   132 |   288 |   369 |   545 |   190 ||  1608
         Morningstar       |       |       |       |   365 |  1323 |  1590 |  2157 |  1328 ||  6763
   Cast: Manifold Assault  |       |       |       |       |       |       |       |   311 ||   311
 Invoke: Recite            |       |       |     1 |     4 |    26 |    45 |    16 |    14 ||   106
         Vitalisation      |       |       |     1 |    21 |    48 |    78 |    36 |    14 ||   198
         Sanctuary         |       |       |       |     1 |     1 |     2 |       |     2 ||     6
         Imprison          |       |       |       |       |     1 |     3 |     3 |       ||     7
         Donate Gold       |       |       |       |       |       |     1 |       |       ||     1
    Use: Potion            |       |     1 |     1 |     6 |     7 |     4 |     9 |     7 ||    35
         Scroll            |       |     3 |     7 |    11 |    12 |     9 |     9 |    18 ||    69
   Stab: Paralysed         |       |       |     1 |       |    11 |       |     4 |       ||    16
         Confused          |       |       |       |     1 |     9 |    13 |     1 |     2 ||    26
         Distracted        |       |       |       |     1 |       |       |     1 |       ||     2
         Invisible         |       |       |       |       |     6 |       |     7 |       ||    13
         Fleeing           |       |       |       |       |       |       |     1 |       ||     1
         Sleeping          |       |       |       |       |       |       |       |     1 ||     1
 Armour: Robe              |     2 |       |       |       |       |       |       |       ||     2
         Plate armour      |    40 |    41 |   184 |    30 |       |       |       |   372 ||   667
         Gold dragon scale |       |       |       |   439 |  1135 |   713 |   779 |   133 ||  3199
  Dodge: Dodged            |    17 |    15 |    72 |    57 |   193 |   155 |   326 |   301 ||  1136
  Block: Buckler           |       |       |       |   119 |   396 |       |       |       ||   515
         Kite shield       |       |       |       |       |   385 |  1406 |  1837 |   757 ||  4385
         Reflection        |       |       |       |       |       |   122 |       |       ||   122

Levels and vault maps discovered:
D:1:      dpeg_arrival_leaves_temple_mockup, layout_basic, serial_shops, shop,
          shop, glass_columns_a
D:2:      layout_loops_ring, basic_altar
D:3:      layout_basic, dreamdust_ecumenical_altar_angels_and_demons,
          serial_shops, nicolae_square_shop, uniq_natasha, uniq_sigmund
D:4:      layout_basic, ebering_ghost_reflecting_pool
D:5:      minmay_diamond_boxcup, layout_cave_pools,
          yredelemnul_forgotten_temple_becter, serial_gnoll_camp,
          gnoll_camp_huts_basic, gnoll_camp_mini_shop, gnoll_camp_medium_01,
          gnoll_camp_mini_basic, uniq_ijyb, uniq_grinder,
          uniq_crazy_yiuf_cottage
D:6:      layout_gridville, bloody_makhleb, mainiacjoe_overflow_six_doors_small,
          temple_doors_e, nicolae_ossuary_entry_giza,
          nicolae_nh_oracle_at_delphi
D:7:      layout_gridville, serial_co_window_serial, co_window_corner_a,
          co_window_of_opportunity_a, co_window_paths_a, co_window_corner_a,
          co_window_of_opportunity_a, co_window_of_opportunity_b,
          co_window_of_opportunity_c, co_window_unsneaky_path_b,
          co_window_broadway_b, co_window_corner_ca, co_window_corner_ca,
          glass_columns_c, glass_columns_b, glass_columns_c, glass_columns_b,
          glass_columns_a
D:8:      layout_basic, mainiacjoe_overflow_small_starburst,
          chequers_serial_rivers_marsh, uniq_joseph, uniq_grum
D:9:      layout_loops_ring, gammafunk_temple_overflow_elements
D:10:     layout_loops_corners, tso_oasis_becter, minitemple,
          hellmonk_lair_entry_icy, serial_shops, shop, roderic_malta_cross,
          minmay_misc_feat_x
D:11:     minmay_the_grid_octo_tiled_octocenter [minmay_the_grid_octo_pinwheel,
          minmay_the_grid_octo_fan_narrow, minmay_the_grid_octo_focus,
          minmay_the_grid_octo_toaster,
          minmay_the_grid_octo_prize_ultimate_mussel_roller,
          minmay_the_grid_square_5x5_empty,
          minmay_the_grid_square_5x5_three_walls,
          minmay_the_grid_square_5x5_meh, minmay_the_grid_square_5x5_z],
          layout_loops_ring, kennysheep_orc_monster_closet_entryway,
          kennysheep_windowed_goal
D:12:     layout_irregular_city
D:13:     layout_cave_pools, erik_vaults_2, hangedman_glass_teeth
D:14:     layout_loops_cross, serial_shops, shop,
          chequers_serial_rivers_small_a, lemuel_flamethrower_3
D:15:     grunt_enter_depths_hoard, layout_irregular_city,
          grunt_decor_mini_mirrors, minmay_checkered_concentric_circles,
          uniq_azrael
Lair:1:   layout_chaotic_city, gammafunk_ghost_cemetery, wad_woods_01,
          uniq_harold
Lair:2:   minmay_lair_oklob_chamber, layout_regular_city,
          minmay_shoals_entry_beasts, guppyfry_snake_entry_garden,
          grunt_megastairs_4, infiniplex_staircase_pool_2, serial_bayou_shore_b
Lair:3:   layout_gridlike
Lair:4:   layout_cave_pods, st_stairs_8, lemuel_old_faithful,
          grunt_megastairs_3, lemuel_fruit_fields, serial_bayou_shore_b
Lair:5:   hangedman_lair_in_review, layout_regular_city,
          guppyfry_lair_end_dragon, nicolae_slime_entry_field_trip,
          grunt_forest_small_clearing_treed, serial_bayou_shore_a
Shoals:1: layout_shoals, gammafunk_ghost_wrathful_warriors, serial_shops,
          nicolae_shop_waterfront, uniq_aizul
Shoals:2: layout_shoals, nicolae_shoals_songs, uniq_ilsuiw, uniq_donald
Shoals:3: layout_shoals, serial_shops, shop, nicolae_shoals_hidden_pirate_stash
Shoals:4: shoals_end_grunt_ice, layout_shoals, nicolae_shoals_sun_and_surf
Snake:1:  layout_onion, serial_bayou_pond_b, nicolae_snake_dead_anacondas
Snake:2:  layout_misc_corridors, ebering_ghost_inner_flame
Snake:3:  layout_grid_maze
Snake:4:  snake_pit, layout_layer_cave, basic_altar, uniq_roxanne,
          uniq_mlioglotl
Slime:1:  layout_caves, cheibrodos_slime_lost_civilization_6
Slime:2:  layout_caves
Slime:3:  layout_caves
Slime:4:  layout_caves
Slime:5
Orc:1:    layout_caves, serial_shops, nicolae_diamond_shop
Orc:2:    st_orc_town, layout_caves, lightli_volcano_entry_magma_tube
Elf:1:    layout_onion_city, basic_altar, gammafunk_ghost_split,
          lemuel_statue_altar, st_stairs_1, minmay_shop_grove
Elf:2:    elven_hall_of_blades_hangedman_alternative
          [nooodl_blade_entry_preview], layout_loops_corners,
          grunt_ministairs_8, nicolae_elf_v_pinch, uniq_agnes
Elf:3:    minmay_elf_hall_statues, layout_rooms
Vaults:1: gammafunk_ghost_smash, v_misc_1, nicolae_vaults_thirteen_compartments,
          nicolae_vaults_wrenched, nicolae_vaults_little_squares_6, v_misc_28,
          vaults_room_grid, nicolae_vaults_windows_and_doors_thing,
          nicolae_vaults_variable_pillar_hall, v_misc_26,
          nicolae_vaults_diamond_2, v_misc_2, nicolae_vaults_specimen_jars,
          nicolae_vaults_house_1, nicolae_vaults_double_plus_1,
          layout_vaults_omnicross
Vaults:2: gammafunk_ghost_abyssal_escape, ontoclasm_vaults_misaligned,
          v_rooms_5, nicolae_vaults_little_squares_3, st_squares,
          nicolae_vaults_trapezoid_lopsided_4,
          nicolae_vaults_heart-shaped_vault, vaults_room_mumra_shop_pool,
          nicolae_vaults_border_crossing, nicolae_vaults_two_Ls,
          nicolae_vaults_six-pack, nicolae_vaults_tetromino_T_1,
          layout_vaults_chaotic_city
Vaults:3: nicolae_vaults_storage_closets_3, minmay_crypt_entry_simple_walls,
          hangedman_vaults_nails, nicolae_vaults_closet_pinwheel_3,
          hangedman_vaults_maws, nicolae_vaults_storage_closets_1,
          nicolae_vaults_sesquioval_fish, layout_vaults_omnigrid
Vaults:4: v_misc_22, v_misc_12, hangedman_vaults_capsules, grunt_vaults_twisty,
          nicolae_vaults_shrinking_rooms_1, ontoclasm_vaults_idyll,
          nicolae_vaults_prndl, st_smaller_cells, nicolae_vaults_six-pack,
          nicolae_vaults_little_squares_1, grunt_vaults_swirl,
          nicolae_vaults_trapezoid_3, nicolae_vaults_angled_halls,
          nicolae_vaults_theta, layout_vaults_maze_bifur
Crypt:1:  cheibrodos_crypt_3hun_7po, layout_regular_city,
          grunt_crypt_arrival_webbed
Crypt:2:  layout_chaotic_city, small_chamber_with_monster
Depths:1: layout_roguey, pan_entry, serial_shops,
          nicolae_shop_temple_entry_statues_fountains,
          trog_three_pillars_becter, hell_entry, serial_bayou_ford_a,
          roderic_serpentine_path, kennysheep_treasure_room,
          serial_bayou_shore_b
Depths:2: kennysheep_four_of_diamonds, layout_gridlike, pan_entry, hell_entry
Depths:3: minmay_bubble_buster, layout_cave_shapes, enter_ziggurat_a,
          minmay_room_of_horrors, hell_entry,
          nicolae_uskayaw_murder_on_the_dancefloor, serial_shops, shop,
          serial_bayou_shore_b, infiniplex_staircase_spiral
Depths:4: grunt_x_marks_the_spot, layout_basic, grunt_mini_vestibule,
          nicolae_dithmenos_through_a_glass_darkly, pan_entry, moated_statue,
          uniq_sojobo, uniq_saint_roka
Zot:1:    layout_misc_corridors, uniq_vv

Notes
Turn   | Place    | Note
-------+----------+-------------------------------------------
     0 | D:1      | Monarks the Armataur Monk began the quest for the Orb.
     0 | D:1      | Reached XP level 1. HP: 19/19 MP: 1/1
     0 | D:1      | magus.rc [v1.9.6]
     3 | D:1      | You pick up a book of Frost and begin reading...
     3 | D:1      | You add the spells Freeze, Frozen Ramparts and Hailstorm to
                  | your library.
   310 | D:1      | Found Ceckilaz's Jewellery Shoppe.
   356 | D:1      | Found Wollug's Distillery.
   368 | D:1      | Reached skill level 1 in Short Blades
   378 | D:1      | You add the spells Vhi's Electric Charge, Arcjolt and
                  | Maxwell's Capacitive Coupling to your library.
   408 | D:1      | Reached XP level 2. HP: 26/26 MP: 2/2
   867 | D:2      | Reached skill level 2 in Short Blades
   999 | D:2      | Reached XP level 3. HP: 32/32 MP: 3/3
  1169 | D:2      | Found a glowing silver altar of Zin.
  1187 | D:2      | Became a worshipper of Zin the Law-Giver
  1187 | D:2      | Reached * piety under Zin
  1187 | D:2      | Reached ** piety under Zin
  1268 | D:2      | Reached skill level 3 in Short Blades
  1669 | D:3      | Found Gotihi's Distillery.
  1686 | D:3      | Bought 2 potions of curing for 66 gold pieces
  1704 | D:3      | Reached XP level 4. HP: 39/39 MP: 4/4
  1937 | D:3      | Reached *** piety under Zin
  2103 | D:3      | Noticed Natasha
  2108 | D:3      | Killed Natasha
  2119 | D:3      | Noticed Natasha
  2129 | D:3      | Killed Natasha
  2130 | D:3      | Reached skill level 4 in Short Blades
  2130 | D:3      | Reached XP level 5. HP: 26/44 MP: 5/5
  2625 | D:3      | Found a faded altar of an unknown god.
  2625 | D:3      | Noticed Sigmund
  2642 | D:3      | Killed Sigmund
  2643 | D:3      | Reached skill level 5 in Short Blades
  2643 | D:3      | Reached XP level 6. HP: 46/53 MP: 6/6
  2851 | D:3      | Noticed Natasha
  2854 | D:3      | Killed Natasha
  3247 | D:4      | Reached skill level 6 in Short Blades
  3911 | D:4      | Found a runed translucent door.
  3914 | D:4      | Noticed patfeehan111222's ghost (amateur DsBe)
  4335 | D:5      | Entered Level 5 of the Dungeon
  4341 | D:5      | Reached XP level 7. HP: 59/59 MP: 7/7
  4342 | D:5      | Noticed Ijyb
  4717 | D:5      | Reached skill level 7 in Short Blades
  4957 | D:5      | Killed Ijyb
  5333 | D:5      | Reached skill level 8 in Short Blades
  5595 | D:5      | Reached XP level 8. HP: 66/66 MP: 8/8
  5952 | D:5      | Found a runed translucent door.
  5953 | D:5      | Noticed Crazy Yiuf
  6017 | D:5      | Reached skill level 1 in Armour
  6105 | D:5      | Reached skill level 3 in Fighting
  6105 | D:5      | Reached skill level 1 in Invocations
  6354 | D:5      | Found Maest's General Store.
  6405 | D:5      | Found a basalt altar of Yredelemnul.
  6448 | D:5      | Noticed Grinder
  6597 | D:6      | Found a sand-covered staircase.
  6655 | Ossuary  | Entered an ossuary
  6734 | Ossuary  | Reached **** piety under Zin
  6858 | Ossuary  | Reached skill level 2 in Armour
  6859 | Ossuary  | Reached skill level 9 in Short Blades
  7052 | D:6      | Found a staircase to the Ecumenical Temple.
  7108 | D:6      | Reached ***** piety under Zin
  7174 | D:6      | Reached skill level 2 in Invocations
  7195 | D:6      | Found a burning altar of Makhleb.
  7306 | D:6      | Reached skill level 3 in Armour
  7400 | D:6      | Found a radiant altar of Vehumet.
  7596 | D:6      | Reached XP level 9. HP: 70/75 MP: 11/11
  7642 | D:6      | You add the spells Sting, Poisonous Vapours and Olgreb's
                  | Toxic Radiance to your library.
  7647 | D:6      | You pick up a book of Party Tricks and begin reading...
  7647 | D:6      | You add the spells Apportation and Alistair's Intoxication
                  | to your library.
  7658 | D:6      | Found The Oracle's Delphic Readings.
  7706 | D:6      | Bought a scroll of identify for 26 gold pieces
  7738 | D:6      | Reached skill level 4 in Fighting
  7950 | D:6      | Reached skill level 3 in Invocations
  8860 | D:7      | Reached skill level 4 in Armour
  8995 | D:7      | Reached skill level 10 in Short Blades
  9692 | D:8      | Noticed Joseph
  9708 | D:8      | Killed Joseph
  9709 | D:8      | Reached skill level 5 in Armour
  9709 | D:8      | Reached skill level 4 in Invocations
  9780 | D:8      | Reached skill level 5 in Fighting
  9813 | D:8      | Noticed Grum
  9826 | D:8      | Killed Grum
  9918 | D:8      | Found a hazy altar of Hepliaklqana.
  9991 | D:8      | Reached XP level 10. HP: 84/86 MP: 13/13
  9993 | D:8      | You add the spells Swiftness, Yara's Violent Unravelling
                  | and Storm Form to your library.
  9993 | D:8      | Got the Papyrus of Inconstant Thunder
 10134 | D:8      | Identified the +9 short sword of Propriety {venom, *Rage
                  | rN+ Str-5 Int+7}
 10272 | D:8      | Identified the +0 spear "Raunn" {antimagic, Stlth+}
 10543 | D:4      | Killed patfeehan111222's ghost
 10708 | D:5      | Killed Grinder
 10709 | D:5      | Reached skill level 6 in Armour
 10709 | D:5      | Reached skill level 5 in Invocations
 10711 | D:5      | Identified the +8 morningstar of Uskayaw, Hammering {flame,
                  | Fragile rN+ SInv}
 10963 | D:9      | Reached skill level 11 in Short Blades
 11026 | D:9      | Identified +0 gold dragon scales
 11027 | D:9      | J - +0 gold dragon scales {rare}
 11034 | D:9      | You pick up a book of Displacement and begin reading...
 11034 | D:9      | You add the spells Lesser Beckoning, Gell's Gravitas and
                  | Teleport Other to your library.
 11295 | D:10     | Entered Level 10 of the Dungeon
 11334 | D:9      | You finish putting on your +0 gold dragon scales {rare}.
 11436 | D:9      | your +0 gold dragon scales {rare} glow green for a moment.
 11437 | D:9      | your +1 gold dragon scales {rare} glow green for a moment.
 11438 | D:9      | your +2 gold dragon scales {rare} glow green for a moment.
 11502 | D:9      | Found a hide-covered altar of Uskayaw.
 11502 | D:9      | Found a shadowy altar of Dithmenos.
 11679 | D:10     | magus.rc [v1.9.6]
 11868 | D:10     | Found Olylen's General Store.
 11877 | D:10     | Bought a scroll of identify for 26 gold pieces
 11877 | D:10     | Bought a scroll of identify for 26 gold pieces
 11877 | D:10     | Identified a scroll of acquirement
 11878 | D:10     | Acquired the +1 barding "Goudghur" {Dex+3}
 12051 | D:10     | Noticed a gargoyle
 12090 | D:10     | Killed a gargoyle
 12200 | D:10     | Reached skill level 6 in Fighting
 12270 | D:10     | Reached skill level 7 in Armour
 12378 | D:10     | Found a staircase to the Lair.
 12464 | D:10     | Noticed a white ugly thing
 12478 | D:10     | Killed a white ugly thing
 12479 | D:10     | Reached skill level 6 in Invocations
 12530 | D:10     | Found a white marble altar of Elyvilon.
 12534 | D:10     | Found a broken altar of Ashenzari.
 12537 | D:10     | Found an ornate altar of the Wu Jian Council.
 12573 | Lair:1   | Entered Level 1 of the Lair of Beasts
 12573 | Lair:1   | Noticed a black mamba
 12680 | D:10     | Reached XP level 11. HP: 94/97 MP: 15/15
 12816 | D:10     | Found a glowing golden altar of the Shining One.
 13029 | D:10     | Reached skill level 12 in Short Blades
 13345 | D:10     | Upgraded the game from 0.31-a0-18-gea43df2a32 to
                  | 0.31-a0-23-gcbde74481b
 13345 | D:10     | magus.rc [v1.9.6]
 13662 | D:1      | Bought a potion of curing for 39 gold pieces
 13662 | D:1      | Bought a potion of curing for 39 gold pieces
 13724 | D:3      | Bought 2 potions of heal wounds for 110 gold pieces
 13827 | D:5      | Bought a scroll of enchant armour for 90 gold pieces
 13993 | D:11     | Found Gumul's Antique Armour Emporium.
 13993 | D:11     | Noticed a cyan ugly thing
 14016 | D:10     | Reached skill level 3 in Maces & Flails
 14037 | D:11     | HP: 23/97 [cyan ugly thing (12)]
 14040 | D:11     | Killed a cyan ugly thing
 14045 | D:11     | Reached skill level 1 in Stealth
 14125 | D:11     | Reached skill level 1 in Shields
 14506 | D:11     | Reached skill level 8 in Armour
 14520 | D:11     | Reached skill level 2 in Stealth
 14530 | D:11     | Reached skill level 4 in Maces & Flails
 14530 | D:11     | Reached skill level 2 in Shields
 14679 | D:11     | Reached skill level 7 in Fighting
 14882 | D:11     | Noticed a two-headed ogre
 14884 | D:11     | Noticed a centaur warrior
 14897 | D:11     | Killed a centaur warrior
 14898 | D:11     | Reached skill level 7 in Invocations
 14901 | D:11     | Killed a two-headed ogre
 14902 | D:11     | Reached skill level 3 in Stealth
 14903 | D:11     | Reached skill level 3 in Shields
 14913 | D:11     | Reached skill level 5 in Maces & Flails
 14981 | D:11     | Reached XP level 12. HP: 107/107 MP: 17/17
 14985 | D:11     | Reached skill level 4 in Stealth
 15085 | D:11     | Reached skill level 9 in Armour
 15156 | D:11     | Reached skill level 4 in Shields
 15181 | D:11     | Noticed a centaur warrior
 15181 | D:11     | Identified the +2 quarterstaff of Eternity {flame, +Blink}
 15181 | D:11     | The centaur warrior is wielding the +8 Wrath of Trog
                  | {antimagic, *Rage Rampage}. The vampire is wielding a +2
                  | shortbow of draining and wearing a +2 robe of fire
                  | resistance.
 15181 | D:11     | Noticed a death knight
 15191 | D:11     | Killed a centaur warrior
 15498 | D:11     | Found a staircase to the Orcish Mines.
 15638 | D:11     | Reached skill level 8 in Fighting
 15638 | D:11     | Reached skill level 5 in Shields
 15638 | D:11     | Reached skill level 8 in Invocations
 16447 | Lair:1   | Reached skill level 1 in Translocations
 16520 | Lair:1   | Reached skill level 1 in Spellcasting
 16586 | Lair:1   | Reached skill level 10 in Armour
 16616 | Lair:1   | You pick up a book of Minor Magic and begin reading...
 16616 | Lair:1   | You add the spells Magic Dart, Call Imp and Mephitic Cloud
                  | to your library.
 16672 | Lair:1   | Reached skill level 2 in Translocations
 16879 | Lair:1   | Found a runed translucent gate.
 16879 | Lair:1   | Found a runed translucent gate.
 16887 | Lair:1   | Noticed Harold
 16893 | Lair:1   | Killed Harold
 17073 | Lair:1   | Found a runed translucent gate.
 17074 | Lair:1   | Noticed BlueFish's ghost (journeyman DrCj)
 17075 | Lair:1   | Noticed BlueFish's ghost (journeyman DrAr)
 17156 | Lair:1   | Reached skill level 2 in Spellcasting
 17316 | Lair:2   | Reached skill level 6 in Shields
 17368 | Lair:2   | Noticed a boulder beetle
 17445 | Lair:1   | Killed a boulder beetle
 17446 | Lair:1   | Reached skill level 3 in Translocations
 17782 | Lair:1   | Reached XP level 13. HP: 115/115 MP: 19/19
 18029 | Lair:2   | Found a staircase to the Snake Pit.
 18274 | Lair:2   | Found a staircase to the Shoals.
 18883 | Lair:3   | Reached skill level 9 in Invocations
 18971 | Lair:3   | Reached skill level 3 in Spellcasting
 18979 | Lair:3   | You pick up a book of Sloth and begin reading...
 18979 | Lair:3   | You add the spells Petrify, Metabolic Englaciation and
                  | Statue Form to your library.
 19223 | Lair:3   | Reached skill level 11 in Armour
 19381 | Lair:3   | Reached skill level 4 in Translocations
 19526 | Lair:3   | Reached skill level 9 in Fighting
 19526 | Lair:3   | Reached skill level 7 in Shields
 19969 | Lair:3   | Reached skill level 6 in Maces & Flails
 20941 | Lair:5   | Entered Level 5 of the Lair of Beasts
 21205 | Lair:5   | Reached ****** piety under Zin
 21467 | Lair:5   | Reached skill level 4 in Spellcasting
 21551 | Lair:5   | Found a staircase to the Slime Pits.
 21687 | Lair:5   | Noticed a dire elephant
 21690 | Lair:5   | HP: 26/118 [manticore (15)]
 21892 | D:12     | Reached skill level 5 in Translocations
 21987 | D:12     | Reached XP level 14. HP: 82/126 MP: 21/21
 22293 | D:12     | Reached skill level 7 in Maces & Flails
 22495 | D:12     | You pick up a book of the Warp and begin reading...
 22495 | D:12     | You add the spells Manifold Assault, Dispersal and
                  | Disjunction to your library.
 22511 | D:11     | Learned a level 4 spell: Manifold Assault
 22521 | D:11     | You finish taking off your +3 gold dragon scales {rare}.
 22541 | D:11     | You finish putting on your +3 gold dragon scales {rare}.
 22919 | D:11     | Reached skill level 8 in Shields
 22988 | D:11     | Identified the staff of earth "Rerym" {Int+4}
 23198 | Orc:1    | Entered Level 1 of the Orcish Mines
 23506 | Orc:1    | Found Voaze's Antique Weapon Shop.
 23650 | Orc:2    | Entered Level 2 of the Orcish Mines
 23774 | Orc:2    | Paralysed by an orc sorcerer for 3 turns
 23886 | Orc:2    | Found a staircase to the Elven Halls.
 23925 | Orc:2    | Reached skill level 12 in Armour
 23925 | Orc:2    | Reached skill level 10 in Invocations
 24225 | Orc:2    | Found Qiashrou's Assorted Antiques.
 24225 | Orc:2    | Found Anued's Antique Weapon Shoppe.
 24511 | Orc:2    | You finish taking off your +3 gold dragon scales {rare}.
 24511 | Orc:2    | You drop +3 gold dragon scales {rare}.
 24512 | Orc:2    | J - +3 gold dragon scales {rare}
 24518 | Orc:2    | You finish putting on your +3 gold dragon scales {rare}.
 24522 | Orc:2    | Found Astifom's Jewellery Boutique.
 24522 | Orc:2    | Found Wapiop's Jewellery Shoppe.
 24528 | Orc:2    | Bought a ring of resist corrosion for 320 gold pieces
 25037 | Lair:5   | HP: 26/127 [dire elephant (20)]
 25045 | Lair:5   | Reached skill level 3 in Dodging
 25257 | Lair:5   | Reached skill level 8 in Maces & Flails
 25809 | Lair:5   | HP: 19/127 [cane toad (14)]
 25813 | Lair:5   | Reached skill level 10 in Fighting
 25913 | Lair:5   | Identified the +6 chain mail of the Carpenter {Regen+
                  | Str+3}
 25922 | Lair:5   | You add the spells Shock, Searing Ray, Flame Wave,
                  | Irradiate and Starburst to your library.
 25922 | Lair:5   | Got the Tome of Conjuring
 26867 | D:13     | Found a gate to the Vaults.
 26905 | D:13     | Reached skill level 9 in Shields
 27182 | D:12     | Reached XP level 15. HP: 66/134 MP: 22/22
 27362 | Orc:2    | Bought the ring of Edghooh {rElec Str+5 Dex+6} for 1089
                  | gold pieces
 27604 | D:13     | Reached skill level 9 in Maces & Flails
 27681 | D:13     | Reached skill level 4 in Dodging
 27792 | D:13     | You pick up a book of Geomancy and begin reading...
 27792 | D:13     | You add the spells Sandblast, Passwall and Stone Arrow to
                  | your library.
 28498 | D:14     | Reached skill level 13 in Armour
 28678 | D:14     | Found Ymisajug's Weapon Emporium.
 28896 | D:15     | Entered Level 15 of the Dungeon
 29056 | D:15     | Reached skill level 11 in Invocations
 29495 | D:15     | You add the spells Portal Projectile and Summon Guardian
                  | Golem to your library.
 29495 | D:15     | Got the Directory of Cursed Flesh
 29609 | D:15     | Reached skill level 10 in Maces & Flails
 29746 | D:15     | Reached skill level 10 in Shields
 30035 | D:15     | Noticed Azrael
 30096 | D:15     | Killed Azrael
 30392 | D:15     | Found a staircase to the Depths.
 30863 | Snake:1  | Entered Level 1 of the Snake Pit
 31211 | Snake:1  | Reached skill level 11 in Fighting
 31881 | Snake:1  | Reached XP level 16. HP: 136/146 MP: 4/24
 32036 | Snake:1  | Reached skill level 11 in Maces & Flails
 32085 | Snake:1  | Reached skill level 14 in Armour
 32149 | Snake:1  | Identified the +3 chain mail of Huxt {Will+ Regen+}
 33274 | Snake:1  | Reached skill level 11 in Shields
 33274 | Snake:1  | Reached skill level 12 in Invocations
 34160 | Snake:2  | Found a runed translucent door.
 34160 | Snake:2  | Noticed Huan's ghost (journeyman NaFE)
 34247 | Snake:2  | Reached skill level 12 in Maces & Flails
 36205 | Shoals:1 | Entered Level 1 of the Shoals
 36216 | Shoals:1 | Noticed Aizul
 36233 | Shoals:1 | Killed Aizul
 36443 | Shoals:1 | Reached XP level 17. HP: 154/156 MP: 24/26
 36607 | Shoals:1 | magus.rc [v1.9.6]
 36644 | Shoals:1 | Found a transporter.
 36709 | Shoals:1 | Found Zued's Magic Scroll Emporium.
 36714 | Shoals:1 | Identified the +5 long sword of Classification {pain, *Rage
                  | Will+ Dex+2}
 36727 | Shoals:1 | Reached skill level 5 in Stealth
 36868 | Shoals:1 | Bought a scroll of identify for 24 gold pieces
 36868 | Shoals:1 | Bought a scroll of identify for 24 gold pieces
 36868 | Shoals:1 | Bought a scroll of identify for 24 gold pieces
 37062 | Shoals:1 | Found a transporter.
 37063 | Shoals:1 | Found a bloodstained altar of Trog.
 37156 | Shoals:1 | Noticed Wosunt's ghost (adept GrWn)
 37538 | Shoals:2 | Reached skill level 12 in Fighting
 37672 | Shoals:2 | Noticed Ilsuiw
 37684 | Shoals:2 | Reached skill level 15 in Armour
 37684 | Shoals:2 | Reached skill level 6 in Translocations
 37714 | Shoals:2 | HP: 21/156 [Ilsuiw/shard of ice (31)]
 38108 | Shoals:1 | Donated 380 gold pieces to Zin
 38128 | Shoals:1 | Killed Ilsuiw
 38829 | Shoals:2 | Noticed Donald
 38848 | Shoals:2 | Killed Donald
 38849 | Shoals:2 | Reached skill level 12 in Shields
 38849 | Shoals:2 | Reached skill level 5 in Spellcasting
 38850 | Shoals:2 | L - a +0 double sword of holy wrath {longrare=g}
 39103 | Shoals:2 | You drop a +0 double sword of holy wrath {longrare=g}.
 39133 | Shoals:2 | L - a +0 double sword of holy wrath {longrare=g}
 39821 | Shoals:3 | Found Bikuki's Antique Weapon Boutique.
 40148 | Shoals:3 | Reached skill level 6 in Stealth
 40155 | Shoals:3 | HP: 36/156 [merfolk impaler/+6 vampiric trident (16)]
 40156 | Shoals:3 | Reached skill level 13 in Maces & Flails
 40687 | Shoals:4 | Entered Level 4 of the Shoals
 41560 | Shoals:4 | Reached skill level 13 in Invocations
 42425 | Shoals:4 | Reached skill level 7 in Translocations
 42609 | Shoals:4 | You drop a +0 double sword of holy wrath {longrare=g}.
 42613 | Shoals:4 | L - a +0 double sword of holy wrath {longrare=g}
 42733 | Shoals:4 | Reached XP level 18. HP: 166/166 MP: 27/27
 43046 | Shoals:4 | You pick up a book of Changes {forbidden} and begin
                  | reading...
 43046 | Shoals:4 | You add the spells Beastly Appendage, Wereblood and Spider
                  | Form to your library.
 43504 | Shoals:4 | Got a barnacled rune of Zot
 43782 | Snake:4  | Entered Level 4 of the Snake Pit
 43812 | Snake:4  | Found a shimmering blue altar of Sif Muna.
 44007 | Snake:4  | Identified the +1 spear "Beerir" {flame, Dex+5}
 44338 | Snake:4  | You drop a +0 double sword of holy wrath {longrare=g}.
 44344 | Snake:4  | L - a +0 double sword of holy wrath {longrare=g}
 44543 | Snake:4  | Identified Roxanne's Annotations on Oromancy
 44543 | Snake:4  | Noticed Roxanne
 45147 | Snake:3  | Reached skill level 13 in Fighting
 45392 | Snake:4  | Reached skill level 6 in Spellcasting
 45914 | Snake:4  | Noticed Mlioglotl
 46051 | Snake:4  | Killed Mlioglotl
 46052 | Snake:4  | Reached skill level 14 in Maces & Flails
 46289 | Snake:4  | You drop a +0 double sword of holy wrath {longrare=g}.
 46296 | Snake:4  | L - a +0 double sword of holy wrath {longrare=g}
 46388 | Snake:4  | Got a serpentine rune of Zot
 46400 | Snake:4  | You pick up a book of Weapons and begin reading...
 46400 | Snake:4  | You add the spells Tukima's Dance and Blade Hands to your
                  | library.
 46858 | Orc:2    | Bought a ring of protection from fire for 450 gold pieces
 47021 | Depths:1 | Entered Level 1 of the Depths
 47276 | Depths:1 | Found a bloodstained altar of Trog.
 47522 | Depths:1 | Found a one-way gate leading to the halls of Pandemonium.
 47592 | Depths:1 | Reached skill level 16 in Armour
 47791 | Depths:1 | You add the spells Summon Forest, Eringya's Noxious Bog and
                  | Summon Hydra to your library.
 48038 | Depths:1 | Reached skill level 13 in Shields
 48071 | Depths:1 | Found a gateway to Hell.
 48170 | Depths:1 | Found Gumouniddo's Jewellery Shop.
 48207 | Depths:1 | Noticed a caustic shrike
 48208 | Depths:1 | Found a runed translucent door.
 48549 | Depths:2 | Identified the +5 long sword of Fabulous Fortitude {heavy,
                  | Dex+2}
 48566 | Depths:2 | You drop a +0 double sword of holy wrath {longrare=g}.
 48579 | Depths:2 | L - a +0 double sword of holy wrath {longrare=g}
 48903 | Depths:2 | You pick up a book of Blood and begin reading...
 48993 | Depths:2 | Reached skill level 8 in Translocations
 49653 | Depths:2 | m - a +2 quick blade of protection {shortrare=g}
 49973 | Depths:1 | Reached XP level 19. HP: 160/177 MP: 26/29
 50013 | Depths:1 | You drop a +2 quick blade of protection {shortrare=g}.
 50213 | Depths:2 | You add the spells Ignition and Discord to your library.
 50241 | Depths:2 | Paralysed by a vampire knight for 5 turns
 50271 | Depths:2 | Paralysed by a floating eye for 2 turns
 50803 | Depths:3 | Found a one-way gateway to a ziggurat.
 51162 | Depths:3 | Found Lothoump's Magic Scroll Boutique.
 51232 | Depths:3 | Found a one-way gate to the infinite horrors of the Abyss.
 51592 | Depths:3 | Found a hide-covered altar of Uskayaw.
 51652 | Depths:3 | Reached skill level 14 in Fighting
 52199 | Depths:3 | Reached skill level 14 in Invocations
 52201 | Depths:3 | Reached skill level 7 in Spellcasting
 52228 | Depths:3 | Reached skill level 7 in Stealth
 52229 | Depths:3 | HP: 43/178 [red ugly thing (9)]
 52982 | Depths:4 | Entered Level 4 of the Depths
 53760 | Depths:4 | Noticed Saint Roka
 53780 | Depths:4 | Reached skill level 15 in Maces & Flails
 53812 | Depths:4 | Killed Saint Roka
 54094 | Depths:4 | Reached skill level 9 in Translocations
 54235 | Depths:4 | Noticed Sojobo
 54249 | Depths:4 | Paralysed by an air elemental for 1 turns
 54250 | Depths:4 | Identified the +8 spear of Cowardice {holy, Str+6 Int-4
                  | Dex+5}
 54256 | Depths:4 | Paralysed by an air elemental for 1 turns
 54261 | Depths:4 | Paralysed by an air elemental for 1 turns
 54278 | Depths:4 | Paralysed by an air elemental for 1 turns
 54318 | Depths:4 | Paralysed by an air elemental for 1 turns
 54320 | Depths:4 | Paralysed by an air elemental for 1 turns
 54326 | Depths:4 | Paralysed by an air elemental for 1 turns
 54336 | Depths:4 | Paralysed by an air elemental for 1 turns
 54338 | Depths:4 | HP: 39/173 [tengu reaver/+4 halberd of freezing[Sojobo]
                  | (11)]
 54343 | Depths:4 | HP: 30/173 [tengu reaver/bolt of lightning[Sojobo] (10)]
 54790 | Depths:3 | Paralysed by an air elemental for 1 turns
 54794 | Depths:3 | Killed Sojobo
 55092 | Depths:4 | HP: 40/179 [storm dragon/bolt of lightning (7)]
 55106 | Depths:4 | HP: 33/179 [storm dragon/bolt of lightning (3)]
 55111 | Depths:4 | HP: 23/179 [storm dragon/bolt of lightning (12)]
 55511 | Depths:4 | Noticed a golden dragon
 55576 | Depths:3 | Reached XP level 20. HP: 187/188 MP: 29/31
 55612 | Depths:4 | Reached skill level 8 in Stealth
 55653 | Depths:4 | Killed a golden dragon
 56000 | Depths:3 | O - +0 shadow dragon scales {rare}
 56019 | Depths:4 | Reached skill level 17 in Armour
 56658 | Depths:4 | K - +0 shadow dragon scales {rare}
 56659 | Depths:4 | Found a gate to the Realm of Zot.
 57014 | Depths:4 | Reached skill level 14 in Shields
 57040 | Depths:4 | You drop +0 shadow dragon scales {rare}.
 57195 | Depths:4 | Found a shadowy altar of Dithmenos.
 57247 | Depths:4 | Upgraded the game from 0.31-a0-23-gcbde74481b to
                  | 0.31-a0-37-g98a128e1d9
 57247 | Depths:4 | magus.rc [v1.9.6]
 57419 | Vaults:1 | Entered Level 1 of the Vaults
 57818 | Vaults:1 | Reached skill level 5 in Dodging
 58105 | Vaults:1 | magus.rc [v1.9.6]
 58301 | Vaults:1 | Reached skill level 6 in Dodging
 58701 | Vaults:1 | You drop +0 shadow dragon scales {rare}.
 58949 | Vaults:1 | Reached skill level 7 in Dodging
 59062 | Vaults:1 | Found a transporter.
 59064 | Vaults:1 | Noticed BlueFish's ghost (adept DrCj)
 59066 | Vaults:1 | Found a transporter.
 59067 | Vaults:1 | Identified the +5 great mace "Brush" {freeze, Will+ MP+9
                  | Dex+2}
 59391 | Vaults:1 | Reached skill level 8 in Dodging
 60652 | Vaults:1 | Reached skill level 9 in Dodging
 61276 | Vaults:2 | Paralysed by a sphinx for 4 turns
 61588 | Vaults:1 | Reached skill level 10 in Dodging
 61626 | Vaults:1 | Reached XP level 21. HP: 194/194 MP: 32/32
 61631 | Vaults:2 | Paralysed by a great orb of eyes for 4 turns
 62311 | Vaults:2 | Reached skill level 11 in Dodging
 62859 | Vaults:2 | Found a transporter.
 62874 | Vaults:2 | Found a transporter.
 62875 | Vaults:2 | Noticed Konionua's ghost (adept KoEn)
 63189 | Vaults:2 | Found Ucebeh's Distillery.
 63943 | Vaults:3 | Reached skill level 12 in Dodging
 64714 | Vaults:3 | Reached skill level 8 in Spellcasting
 64863 | Vaults:3 | Found a staircase to the Crypt.
 65320 | Depths:1 | Bought the amulet "Numaawk" {rN+ Regen+ Str+2 Dex+3} for
                  | 1085 gold pieces
 65390 | Depths:1 | b - a +2 quick blade of protection {shortrare=g}
 65619 | Vaults:4 | Reached skill level 10 in Translocations
 65628 | Vaults:4 | HP: 40/195 [enormous slime creature (30)]
 65801 | Vaults:4 | You are cast into the Abyss!
 65801 | Abyss:2  | Cast into level 2 of the Abyss (a wizard)
 65806 | Abyss:2  | Found a corrupted altar of Lugonu.
 66028 | Abyss:2  | Reached skill level 15 in Fighting
 66265 | Vaults:4 | You pass through the gate.
 66265 | Vaults:4 | Escaped the Abyss
 67010 | Vaults:4 | Reached skill level 11 in Translocations
 67234 | Vaults:4 | Reached skill level 15 in Shields
 67824 | Elf:1    | Entered Level 1 of the Elven Halls
 67878 | Elf:1    | Found an ancient bone altar of Kikubaaqudgha.
 67989 | Elf:1    | Found the +2 cloak of the Thief {*Fog Slay-2 SInv Stlth+}
 67989 | Elf:1    | Noticed Pooter's ghost (journeyman MiBe)
 68000 | Elf:1    | Found a runed translucent gate.
 68000 | Elf:1    | Found a runed translucent gate.
 68001 | Elf:1    | Found a runed translucent gate.
 68262 | Elf:1    | Found Ciext's Book Shoppe.
 68262 | Elf:1    | Found Qeasiem's Jewellery Shop.
 68263 | Elf:1    | Found Awemuob's Jewellery Shop.
 68287 | Elf:1    | Reached XP level 22. HP: 205/205 MP: 34/34
 68545 | Elf:1    | Found an ancient bone altar of Kikubaaqudgha.
 69152 | Elf:2    | Noticed Agnes
 69157 | Elf:2    | Killed Agnes
 69367 | Elf:2    | Found a huge runed translucent gate.
 69367 | Elf:2    | Found a huge runed translucent gate.
 69367 | Elf:2    | Found a huge runed translucent gate.
 69367 | Elf:2    | Found a huge runed translucent gate.
 69368 | Elf:2    | Found a huge runed translucent gate.
 69406 | Elf:2    | Reached skill level 12 in Translocations
 69677 | Elf:2    | y - a +2 quick blade of draining {forbiddenshortrare=g}
 69781 | Elf:2    | C - a +1 double sword of freezing {longrare=g}
 69863 | Elf:2    | Reached skill level 16 in Shields
 70482 | Elf:2    | You pick up a book of Necromancy {forbidden} and begin
                  | reading...
 70482 | Elf:2    | You add the spells Necrotise, Vampiric Draining and Agony
                  | to your library.
 70614 | Elf:2    | Learned a level 3 spell: Teleport Other
 70682 | Elf:3    | Entered Level 3 of the Elven Halls
 71212 | Elf:3    | Paralysed by an air elemental for 1 turns
 72083 | Elf:3    | You pick up a book of the Moon and begin reading...
 72083 | Elf:3    | You add the spells Passage of Golubria, Silence and
                  | Lehudib's Crystal Spear to your library.
 72542 | Elf:3    | Identified the +8 plate armour of Hairiness {Regen+ rCorr}
 72542 | Elf:3    | Identified the ring "Niuve" {rF+ rC+}
 72542 | Elf:3    | a deep elf high priest comes into view. It is wielding the
                  | +10 dark maul {heavy}, wearing the +8 plate armour of
                  | Hairiness {Regen+ rCorr} and wearing the ring "Niuve" {rF+
                  | rC+}.
 73199 | Elf:3    | Identified the +0 ring mail "Askoargh" {Regen+ Int-3 Dex+5}
 73199 | Elf:3    | Identified the ring of Barchoo {Wiz Stlth+}
 73358 | Elf:3    | Identified the ring of Qanoot {Drain Str+5 Int-3 Dex+6
                  | Stlth+}
 73362 | Elf:3    | Identified the +2 great sword of Yesterday {flame, Int+4}
 73362 | Elf:3    | Identified the ring "Douvues" {Fly rN+ Will+ SInv}
 74043 | Elf:2    | You drop a +2 quick blade of protection {shortrare=g}.
 74048 | Elf:2    | You drop a +1 double sword of freezing {longrare=g}.
 74052 | Elf:2    | You drop a +0 double sword of holy wrath {longrare=g}.
 74062 | Elf:2    | You finish taking off your +3 gold dragon scales {rare}.
 74257 | Elf:3    | Identified the +0 leather armour of the Orb {Slay+2}
 74273 | Elf:3    | Reached skill level 13 in Translocations
 74772 | Elf:3    | Identified the +5 long sword "Lugrurit" {heavy, Str+4 SInv}
 74953 | Elf:3    | You add the spells Iskenderun's Mystic Blast and Summon Ice
                  | Beast to your library.
 74953 | Elf:3    | Got the Thoughts on Combative Accompaniment
 74954 | Elf:3    | Identified the staff of death "Qor Saf" {Fly rC+ rN+ Will-
                  | Dex+2}
 74980 | Elf:3    | You pick up a book of Unlife {forbidden} and begin
                  | reading...
 74980 | Elf:3    | You add the spells Animate Dead, Borgnjor's Vile Clutch and
                  | Death Channel to your library.
 74983 | Elf:3    | You pick up a book of the Sky and begin reading...
 74986 | Elf:3    | Identified the scarf of an ossuary {+Inv, Str+6}
 74992 | Elf:3    | You add the spells Ignite Poison and Sticky Flame to your
                  | library.
 75001 | Elf:3    | Identified the +1 halberd of the Fae God {antimagic, rPois
                  | Str+3}
 75003 | Elf:3    | Identified the staff of cold "Potwieh" {rC+ Will+ Int+3
                  | Dex+4}
 75017 | Elf:3    | You add the spells Summon Small Mammal and Ozocubu's
                  | Refrigeration to your library.
 75017 | Elf:3    | Got the Volume of Hail and the Entourage
 75019 | Elf:3    | You add the spells Call Canine Familiar, Fulminant Prism
                  | and Iron Shot to your library.
 75019 | Elf:3    | Got the Spellbook of Bolts and Beckoning
 75045 | Elf:3    | You drop a +2 quick blade of draining
                  | {forbiddenshortrare=g}.
 75058 | Elf:3    | y - a +2 quick blade of draining {forbiddenshortrare=g}
 75473 | Crypt:1  | Entered Level 1 of the Crypt
 76388 | Crypt:1  | Found a huge runed translucent gate.
 76388 | Crypt:1  | Found a huge runed translucent gate.
 76389 | Crypt:1  | Found a huge runed translucent gate.
 76389 | Crypt:1  | Found a huge runed translucent gate.
 76389 | Crypt:1  | Found a huge runed translucent gate.
 76390 | Crypt:1  | Found a huge runed translucent gate.
 76390 | Crypt:1  | Found a huge runed translucent gate.
 76394 | Crypt:1  | Found a huge runed translucent gate.
 76394 | Crypt:1  | Found a huge runed translucent gate.
 76840 | Crypt:1  | Reached skill level 9 in Spellcasting
 77468 | Crypt:1  | Reached skill level 16 in Fighting
 77765 | Crypt:2  | Reached XP level 23. HP: 207/216 MP: 5/36
 79418 | Slime:1  | Entered Level 1 of the Pits of Slime
 80605 | Slime:5  | Entered Level 5 of the Pits of Slime
 80954 | Slime:5  | Found a viscous altar of Jiyva.
 80956 | Slime:5  | Noticed the Royal Jelly
 80973 | Slime:5  | Found the +7 Spriggan's Knife {stab, EV+4 Stlth+}
 80974 | Slime:5  | Found the macabre finger necklace {Finger+ rN+}
 80984 | Slime:5  | Killed the Royal Jelly
 80985 | Slime:5  | Reached skill level 17 in Shields
 80988 | Slime:5  | Paralysed by a floating eye for 2 turns
 81024 | Slime:5  | Reached skill level 10 in Spellcasting
 81252 | Slime:4  | Reached skill level 16 in Maces & Flails
 81423 | Slime:5  | Found the +10 Black Knight's barding {ponderous, rPois rN+}
 81584 | Slime:5  | Identified the ring of the Grinning Pariah {rF+ Will++
                  | AC+4}
 81596 | Slime:5  | Got Cemich's Folio of Arcane Weapons
 81599 | Slime:5  | Got Nilickim's Collected Works on the Salamander
 81612 | Slime:5  | You add the spells Malign Gateway and Summon Horrible
                  | Things to your library.
 81641 | Slime:5  | You drop a +2 quick blade of draining
                  | {forbiddenshortrare=g}.
 81725 | Slime:5  | Identified the ring "Dopp" {rPois Stlth+}
 81773 | Slime:5  | Got a slimy rune of Zot
 82404 | Depths:3 | Bought a scroll of acquirement for 1144 gold pieces
 82404 | Depths:3 | Acquired a manual of Shields
 82467 | Zot:1    | Entered Level 1 of the Realm of Zot
 82467 | Zot:1    | Noticed an electric golem
 82482 | Depths:4 | Killed an electric golem
 82912 | Zot:1    | HP: 49/216 [something (15)]
 82913 | Zot:1    | HP: 13/216 [yellow draconian/+0 short sword[a green
                  | draconian monk] (20)]
 82913 | Zot:1    | HP: 1/216 [green draconian monk (12)]
 82913 | Zot:1    | Slain by a tentacled monstrosity

Vanquished Creatures
  the Royal Jelly (Slime:5)
  Sojobo (Depths:3)
  Saint Roka (Depths:4)
  A golden dragon (Depths:4)
  An electric golem (Depths:4)
  2 liches
  A tentacled monstrosity (Vaults:1)
  7 acid blobs
  A walking frostbound tome (Depths:2)
  2 deep elf master archers (Elf:3)
  Mlioglotl (Snake:4)
  2 titans
  5 deep elf blademasters
  6 sphinxes
  3 tengu reavers (Depths:4)
  An ancient champion (Crypt:1)
  Agnes (Elf:2)
  2 shadow dragons
  A storm dragon (Depths:4)
  2 fire giants
  A draconian monk (Depths:4)
  2 rockslimes
  5 nagarajas
  A revenant (Crypt:2)
  2 draconian knights (Depths:4)
  Ilsuiw (Shoals:1)
  11 vault wardens
  8 azure jellies
  Donald (Shoals:2)
  An iron dragon (Depths:4)
  5 deep elf sorcerers
  A draconian scorcher (Depths:4)
  A balrug (Abyss:2)
  3 deep elf elementalists (Elf:3)
  8 frost giants
  An orc warlord (Vaults:1)
  A cacodemon (Vaults:2)
  Aizul (Shoals:1)
  7 ghouls
  4 war gargoyles
  A spriggan defender (Depths:2)
  12 very ugly things
  A caustic shrike skeleton (Crypt:2)
  13 ironbound preservers
  5 quicksilver oozes
  14 stone giants
  A green draconian (Depths:4)
  3 vampire knights
  7 ironbound thunderhulks
  10 dire elephants
  Azrael (D:15)
  3 black draconians
  2 deep elf demonologists (Elf:3)
  4 yellow draconians
  5 deep elf annihilators
  An eidolon (Crypt:2)
  8 ettins
  3 spark wasps
  9 fire dragons
  10 deep elf death magi (Elf:3)
  2 entropy weavers
  7 jiangshi
  7 merfolk javelineers
  12 merfolk impalers
  3 crystal guardians
  10 great orbs of eyes
  3 rakshasas
  5 deep elf high priests
  A spriggan zombie (Abyss:2)
  Harold (Lair:1)
  8 yaktaur captains
  7 ice dragons
  3 salamander tyrants
  5 peacekeepers
  A hell beast (Depths:4)
  A spriggan air mage (Depths:2)
  9 vault guards
  16 centaur warriors
  10 ironbound frosthearts
  6 hydras
  6 boulder beetles
  2 merfolk avatars
  9 anacondas
  2 catoblepae
  3 satyrs
  3 two-headed ogres
  7 merfolk aquamancers
  26 dancing weapons
  17 naga warriors
  A deep troll shaman (Depths:4)
  4 tengu warriors
  2 deep troll earth magi
  2 death knights
  4 vampire magi
  A hell hog (Depths:4)
  9 deep elf knights
  4 spriggan berserkers
  8 sun demons
  8 shock serpents
  14 naga sharpshooters
  3 soul eaters
  2 thrashing horrors (Abyss:2)
  15 hell knights
  2 wretched stars
  A shadow wraith (Shoals:3)
  9 salamander mystics
  A quicksilver dragon simulacrum (Depths:4)
  32 skeletal warriors
  40 deep trolls
  4 iron trolls
  3 skysharks
  6 anaconda zombies (Snake:1)
  A glowing orange brain (Depths:2)
  13 sea snakes
  3 spectral anacondas (Snake:1)
  A swamp dragon (Lair:5)
  12 deep elf archers
  5 naga ritualists
  17 ironbound convokers
  A kraken simulacrum (Shoals:4)
  15 wizards
  5 phantasmal warriors
  10 lindwurms
  5 anaconda skeletons (Snake:1)
  4 necromancers
  8 harpies
  6 orc knights
  22 deep elf pyromancers
  A lindwurm (shapeshifter) (Depths:2)
  A stone giant zombie (Crypt:1)
  22 deep elf zephyrmancers
  9 mana vipers
  8 orc sorcerers (Orc:2)
  39 ugly things
  4 shining eyes
  11 fauns
  A will-o-the-wisp (Abyss:2)
  10 cyclopes
  14 salamanders
  17 manticores
  Joseph (D:8)
  3 worldbinders (Abyss:2)
  19 vault sentinels
  A stone giant skeleton (Abyss:2)
  A moth of wrath (shapeshifter) (Depths:2)
  17 merfolk sirens
  6 moths of wrath (Depths:4)
  4 guardian serpents
  A naga skeleton (Abyss:2)
  3 gargoyles
  20 naga magi
  8 water nymphs
  An orange demon (Abyss:2)
  A smoke demon (Abyss:2)
  30 black mambas
  11 cane toads
  23 yaktaurs
  An iron troll zombie (Crypt:1)
  7 freezing wraiths
  A hellion (Abyss:2)
  5 rime drakes
  A red draconian zombie (Crypt:1)
  13 komodo dragons
  2 torpor snails
  4 unseen horrors
  An unseen horror (shapeshifter) (Abyss:2)
  5 tengu conjurers
  7 anaconda simulacra (Snake:1)
  27 merfolk
  An ancient zyme (Abyss:2)
  A merfolk (shapeshifter) (D:11)
  A hydra zombie (Crypt:2)
  A death drake zombie (Crypt:2)
  4 polar bears
  8 trolls
  A mana viper skeleton (Crypt:2)
  The ghost of patfeehan111222 the Chopper, an amateur DsBe of Trog (D:4)
  8 hornets
  A fire dragon zombie (Crypt:2)
  3 raiju (Abyss:2)
  A blink frog (Lair:5)
  A harpy skeleton (Crypt:2)
  Grinder (D:5)
  7 wind drakes
  7 dream sheep
  9 snapping turtles
  77 slime creatures
  An air elemental (Elf:3)
  A centaur simulacrum (Abyss:2)
  A flying skull (Vaults:3)
  7 large abominations
  Sigmund (D:3)
  10 wraiths
  11 spriggans
  4 shadows
  2 vampires
  21 water elementals
  6 wyverns
  3 fire bats (Abyss:2)
  53 yaks
  3 fire elementals (D:15)
  5 starcursed masses (Abyss:2)
  9 basilisks
  3 steam dragons
  Grum (D:8)
  2 chaos spawn
  3 golden eyes (Slime:2)
  16 vampire mosquitoes
  A glowing shapeshifter zombie (Crypt:2)
  9 wargs
  2 acid dragons
  36 nagas
  A merfolk zombie (Crypt:2)
  5 hell hounds (D:15)
  16 water moccasins
  3 swamp drakes
  A floating eye (Slime:5)
  A merfolk skeleton (Crypt:2)
  29 orc warriors
  2 black bears
  2 ice beasts (D:10)
  A manticore skeleton (Crypt:2)
  7 ogres
  16 wolves
  12 centaurs
  A phantom (D:6)
  15 bullfrogs
  10 kobold brigands
  4 earth elementals
  3 necrophages (Crypt:2)
  7 gnoll sergeants
  3 scorpions
  8 wights
  A killer bee (D:11)
  An electric eel (Lair:3)
  3 howler monkeys
  14 small abominations
  4 centaur zombies (Ossuary)
  2 lava snakes (Lair:3)
  6 jellies
  A quasit (Abyss:2)
  2 gnoll boudas
  9 hounds
  10 orc priests
  An iron imp (Abyss:2)
  A jelly (shapeshifter) (Vaults:4)
  6 iguanas
  Ijyb (D:5)
  Natasha (thrice) (D:3)
  42 orc wizards
  A boggart skeleton (Crypt:1)
  3 mummies
  28 gnolls
  15 adders
  A shadow imp (D:7)
  3 ufetubi
  4 adder zombies (Ossuary)
  A lava snake skeleton (Crypt:1)
  2 dart slugs (D:3)
  80 orcs
  4 ball pythons
  4 bats
  A bat skeleton (Crypt:2)
  7 endoplasms
  6 giant cockroaches
  6 goblins
  3 hobgoblins
  8 jackals
  20 kobolds
  4 quokkas
  A frilled lizard (D:1)
  3 goblin zombies
  6 hobgoblin zombies (Ossuary)
  A jackal zombie (Ossuary)
  A kobold skeleton (Crypt:1)
  11 kobold zombies (Ossuary)
  10 orc zombies
  A quokka skeleton (Crypt:1)
  4 rats
  A rat zombie (Ossuary)
  A spectral orc (D:5)
  A tentacle (Shoals:4)
1916 creatures vanquished.

Vanquished Creatures (collateral kills)
  An azure jelly (Slime:5)
  2 rockslimes (Slime:5)
3 creatures vanquished.

Vanquished Creatures (others)
  2 manticores (Shoals:4)
  2 orcs
  A lurking horror (Abyss:2)
  3 tentacles (Shoals:4)
8 creatures vanquished.

Grand Total: 1927 creatures vanquished

Table legend:
 A = Non-vault XP
 B = Vault XP
 C = Vault XP percentage of total XP
 D = Non-vault monster count
 E = Vault monster count
 F = Vault count percentage of total count
                 A         B        C        D         E       F
            +---------+---------+-------+---------+---------+-------
      Total |  536461 |  379527 |  41.4 |    1213 |     700 |  36.6
            +---------+---------+-------+---------+---------+-------
        D:1 |      24 |       0 |   0.0 |      13 |       0 |   0.0
        D:2 |      63 |       0 |   0.0 |      15 |       0 |   0.0
        D:3 |     136 |     249 |  64.7 |      22 |       2 |   8.3
        D:4 |     259 |     389 |  60.0 |      22 |       4 |  15.4
        D:5 |     260 |    1171 |  81.8 |       4 |      34 |  89.5
        D:6 |     831 |     160 |  16.1 |      18 |       6 |  25.0
        D:7 |    1037 |       0 |   0.0 |      27 |       0 |   0.0
        D:8 |     796 |    1035 |  56.5 |      23 |       5 |  17.9
        D:9 |     986 |       0 |   0.0 |       8 |       0 |   0.0
       D:10 |    3718 |    1363 |  26.8 |      28 |       8 |  22.2
       D:11 |    3879 |   14781 |  79.2 |      21 |      56 |  72.7
       D:12 |    7483 |    3482 |  31.8 |      20 |       4 |  16.7
       D:13 |    8259 |    3474 |  29.6 |      21 |       4 |  16.0
       D:14 |   10785 |       0 |   0.0 |      22 |       0 |   0.0
       D:15 |   11280 |   11732 |  51.0 |      32 |      20 |  38.5
     Lair:1 |    6933 |    2659 |  27.7 |      27 |       9 |  25.0
     Lair:2 |    4404 |    1682 |  27.6 |      15 |       7 |  31.8
     Lair:3 |    9544 |    1202 |  11.2 |      37 |       5 |  11.9
     Lair:4 |    2714 |     466 |  14.7 |      12 |       2 |  14.3
     Lair:5 |    9017 |   11385 |  55.8 |      29 |      36 |  55.4
   Shoals:1 |   11386 |    2477 |  17.9 |      25 |       2 |   7.4
   Shoals:2 |   10902 |    8980 |  45.2 |      24 |      14 |  36.8
   Shoals:3 |   10195 |    1540 |  13.1 |      19 |       2 |   9.5
   Shoals:4 |   16545 |   25663 |  60.8 |      36 |      41 |  53.2
    Snake:1 |   26497 |   13478 |  33.7 |      48 |      25 |  34.2
    Snake:2 |   11368 |       0 |   0.0 |      20 |       0 |   0.0
    Snake:3 |   20259 |    3574 |  15.0 |      39 |       5 |  11.4
    Snake:4 |   12105 |   21498 |  64.0 |      25 |      30 |  54.5
    Slime:1 |    4248 |       0 |   0.0 |       6 |       0 |   0.0
    Slime:2 |    2809 |       0 |   0.0 |       9 |       0 |   0.0
    Slime:3 |    9184 |       0 |   0.0 |      20 |       0 |   0.0
    Slime:4 |    2815 |    6483 |  69.7 |       6 |       8 |  57.1
    Slime:5 |     887 |   16540 |  94.9 |       1 |       9 |  90.0
      Orc:1 |    2251 |       0 |   0.0 |      30 |       0 |   0.0
      Orc:2 |    1883 |    5168 |  73.3 |      17 |      56 |  76.7
      Elf:1 |   13182 |     818 |   5.8 |      21 |       1 |   4.5
      Elf:2 |   15024 |   25756 |  63.2 |      24 |      33 |  57.9
      Elf:3 |   15825 |   33551 |  68.0 |      25 |      30 |  54.5
   Vaults:1 |   44073 |   34113 |  43.6 |      70 |      46 |  39.7
   Vaults:2 |   27666 |   21636 |  43.9 |      40 |      27 |  40.3
   Vaults:3 |   16032 |   18137 |  53.1 |      24 |      23 |  48.9
   Vaults:4 |    6921 |   23751 |  77.4 |      10 |      32 |  76.2
    Crypt:1 |   24420 |       0 |   0.0 |      38 |       0 |   0.0
    Crypt:2 |   26926 |     804 |   2.9 |      43 |       1 |   2.3
   Depths:1 |   16924 |    1115 |   6.2 |      22 |       1 |   4.3
   Depths:2 |   23796 |   10187 |  30.0 |      37 |      10 |  21.3
   Depths:3 |   23411 |   24040 |  50.7 |      28 |      34 |  54.8
   Depths:4 |   37943 |   24713 |  39.4 |      42 |      29 |  40.8
    Abyss:2 |   18576 |       0 |   0.0 |      48 |       0 |   0.0
    Ossuary |       0 |     275 | 100.0 |       0 |      39 | 100.0
            +---------+---------+-------+---------+---------+-------

Skill      XL: |  1  2  3  4  5  6  7  8  9 10 11 12 13 14 15 16 17 18 19 20 21 22 23 |
---------------+----------------------------------------------------------------------+-----
Short Blades   | 1 2 3 4 5 6 8 9 10 11 12 | 12.0
Armour         | 3 5 7 8 10 11 12 13 14 15 16 17 | 17.7
Fighting       | 3 5 6 7 8 9 10 11 12 13 14 15 16 | 16.3
Invocations    | 2 4 6 7 8 9 10 11 12 13 14 | 14.1
Maces & Flails | 5 6 8 10 12 13 14 15 16 | 16.0
Stealth        | 3 4 6 7 8 |  8.6
Shields        | 3 6 7 9 10 11 12 13 14 15 16 17 | 17.1
Translocations | 3 5 7 8 9 11 13 | 13.6
Spellcasting   | 2 4 5 6 7 8 9 10 | 10.2
Dodging        | 3 4 10 12 | 12.4

Action                     |  1- 3 |  4- 6 |  7- 9 | 10-12 | 13-15 | 16-18 | 19-21 | 22-24 || total
---------------------------+-------+-------+-------+-------+-------+-------+-------+-------++-------
  Melee: Rapier            |    71 |   100 |   395 |   254 |       |       |       |       ||   820
         Mace              |     5 |       |       |       |       |       |       |       ||     5
         Tailslap          |     4 |    18 |    62 |   132 |   288 |   369 |   545 |   190 ||  1608
         Morningstar       |       |       |       |   365 |  1323 |  1590 |  2157 |  1328 ||  6763
   Cast: Manifold Assault  |       |       |       |       |       |       |       |   311 ||   311
 Invoke: Recite            |       |       |     1 |     4 |    26 |    45 |    16 |    14 ||   106
         Vitalisation      |       |       |     1 |    21 |    48 |    78 |    36 |    14 ||   198
         Sanctuary         |       |       |       |     1 |     1 |     2 |       |     2 ||     6
         Imprison          |       |       |       |       |     1 |     3 |     3 |       ||     7
         Donate Gold       |       |       |       |       |       |     1 |       |       ||     1
    Use: Potion            |       |     1 |     1 |     6 |     7 |     4 |     9 |     7 ||    35
         Scroll            |       |     3 |     7 |    11 |    12 |     9 |     9 |    18 ||    69
   Stab: Paralysed         |       |       |     1 |       |    11 |       |     4 |       ||    16
         Confused          |       |       |       |     1 |     9 |    13 |     1 |     2 ||    26
         Distracted        |       |       |       |     1 |       |       |     1 |       ||     2
         Invisible         |       |       |       |       |     6 |       |     7 |       ||    13
         Fleeing           |       |       |       |       |       |       |     1 |       ||     1
         Sleeping          |       |       |       |       |       |       |       |     1 ||     1
 Armour: Robe              |     2 |       |       |       |       |       |       |       ||     2
         Plate armour      |    40 |    41 |   184 |    30 |       |       |       |   372 ||   667
         Gold dragon scale |       |       |       |   439 |  1135 |   713 |   779 |   133 ||  3199
  Dodge: Dodged            |    17 |    15 |    72 |    57 |   193 |   155 |   326 |   301 ||  1136
  Block: Buckler           |       |       |       |   119 |   396 |       |       |       ||   515
         Kite shield       |       |       |       |       |   385 |  1406 |  1837 |   757 ||  4385
         Reflection        |       |       |       |       |       |   122 |       |       ||   122

Illustrated notes

Table legend:
 A = Kills in this place as a percentage of kills in the entire game.
 B = Kills by you in this place as a percentage of kills by you in the entire game.
 C = Kills by friends in this place as a percentage of kills by friends in the entire game.
 D = Other kills in this place as a percentage of other kills in the entire game.
 E = Experience gained in this place as a percentage of experience gained in the entire game.
 F = Experience gained in this place divided by the number of levels of this place that you have seen.
                   A       B       C       D       E      F
               +-------+-------+-------+-------+-------+----------------------
         Total | 100.0 | 100.0 | 100.0 | 100.0 | 100.0 | 17960.5
       Dungeon |  22.9 |  23.0 |   0.0 |  15.8 |   9.6 | 5842.1
          Lair |   9.4 |   9.5 |   0.0 |   0.0 |   5.5 | 10001.2
        Shoals |   8.5 |   8.4 |   0.0 |  26.3 |   9.6 | 21922.0
     Snake Pit |  10.0 |  10.0 |   0.0 |  10.5 |  11.9 | 27194.8
    Slime Pits |   3.1 |   3.0 | 100.0 |   0.0 |   4.7 | 8593.2
  Orcish Mines |   5.4 |   5.3 |   0.0 |  15.8 |   1.0 | 4651.0
   Elven Halls |   7.0 |   7.1 |   0.0 |   0.0 |  11.4 | 34718.7
        Vaults |  14.2 |  14.2 |   0.0 |  21.1 |  21.0 | 48082.2
         Crypt |   4.3 |   4.3 |   0.0 |   0.0 |   5.7 | 26075.0
        Depths |  10.6 |  10.6 |   0.0 |  10.5 |  17.7 | 40532.2
         Abyss |   2.5 |   2.5 |   0.0 |   0.0 |   2.0 | 18576.0
       Ossuary |   2.0 |   2.1 |   0.0 |   0.0 |   0.0 | 275.0
               +-------+-------+-------+-------+-------+----------------------

Table legend: (Time is in decaauts)
 A = Elapsed time spent in this place.
 B = Non-inter-level travel time spent in this place.
 C = Inter-level travel time spent in this place.
 D = Time resting spent in this place.
 E = Time spent auto-exploring this place.
 F = Levels seen in this place.
 G = Mean time per level.
                   A        B        C        D        E       F      G
               +--------+--------+--------+--------+--------+-----+--------+
         Total |  82533 |  75364 |   7169 |  16188 |  31575 |  51 | 1618.3 |
       Dungeon |  23094 |  19318 |   3776 |   1975 |  11909 |  15 | 1539.6 |
          Lair |   7649 |   6875 |    774 |    691 |   3950 |   5 | 1529.8 |
        Shoals |   7452 |   7078 |    374 |   2535 |   1896 |   4 | 1863.0 |
     Snake Pit |   7581 |   7178 |    403 |    961 |   3520 |   4 | 1895.2 |
    Slime Pits |   2429 |   2353 |     76 |   1501 |     50 |   5 |  485.8 |
  Orcish Mines |   1982 |   1725 |    257 |     35 |    939 |   2 |  991.0 |
   Elven Halls |   7367 |   7236 |    131 |   2266 |   1709 |   3 | 2455.7 |
        Vaults |   9631 |   8790 |    841 |   1374 |   4035 |   4 | 2407.8 |
         Crypt |   3639 |   3552 |     87 |   1158 |    802 |   2 | 1819.5 |
        Depths |  10922 |  10476 |    446 |   3684 |   2481 |   4 | 2730.5 |
           Zot |     23 |     23 |      0 |      0 |      0 |   1 |   23.0 |
         Abyss |    432 |    432 |      0 |      6 |    128 |   1 |  432.0 |
       Ossuary |    327 |    327 |      0 |      0 |    156 |   1 |  327.0 |
               +--------+--------+--------+--------+--------+-----+--------+

Top non-repeatable levels by time:
   Elf:3: 3883 daAuts
Depths:4: 3767 daAuts
Vaults:1: 3748 daAuts
    D:11: 3331 daAuts
Depths:3: 2939 daAuts
Vaults:2: 2521 daAuts
 Snake:4: 2417 daAuts
   Elf:2: 2414 daAuts
     D:4: 2366 daAuts
 Crypt:1: 2309 daAuts
  Lair:5: 2153 daAuts
Depths:2: 2130 daAuts
    D:10: 2108 daAuts
 Snake:3: 2102 daAuts
Depths:1: 2084 daAuts
